 Dungeon Crawl Stone Soup version 0.28.0-53-g5a82cb258f (webtiles) character file.

Game seed: 13922841002391233452

16403 pkoi the Destroyer (level 11, -1/84 HPs)
             Began as a Demigod Conjurer on May 29, 2022.
             Killed from afar by an electric eel (11 damage)
             ... with a bolt of electricity
             ... on level 5 of the Lair of Beasts.
             The game lasted 00:32:16 (21280 turns).

pkoi the Destroyer (Demigod Conjurer)              Turns: 21280, Time: 00:32:17

Health: -1/84      AC:  9    Str:  8    XL:     11   Next: 80%
Magic:  16/24      EV: 13    Int: 32    God:
Gold:   754        SH:  0    Dex: 16    Spells: 6/22 levels left

rFire   . . .      SeeInvis +   I - +0 dagger (venom)
rCold   . . .      Faith    .   (no shield)
rNeg    + . .      Spirit   .   l - +1 leather armour "Heazov" {rPois Dex+4 Stlth+}
rPois   +          Reflect  .   b - +1 hat
rElec   .          Harm     .   (no cloak)
rCorr   .          Rampage  .   i - +1 pair of gloves
Will    +....                   y - +1 pair of boots
Stlth   ++........              (no amulet)
HPRegen 0.24/turn               d - ring of positive energy
MPRegen 0.19/turn               H - ring of see invisible

@: very slow
A: high MP 1, forlorn, divine attributes
a: no special abilities


You were on level 5 of the Lair of Beasts.
You visited 2 branches of the dungeon, and saw 13 of its levels.
You also visited: Ossuary.

You collected 754 gold pieces.

Inventory:

Hand Weapons
 c - a +0 dagger
 f - a +0 whip
 g - a +2 short sword of electrocution
 p - a +5 mace
 I - a +0 dagger of venom (weapon)
Missiles
 k - 7 curare-tipped darts
 D - a throwing net
Armour
 a - a +0 robe
 b - a +1 hat (worn)
 i - a +1 pair of gloves (worn)
 l - the +1 leather armour "Heazov" (worn) {rPois Dex+4 Stlth+}
   (You found it on level 1 of the Lair of Beasts)

   Dex:       It affects your dexterity (+4).
   rPois:     It protects you from poison.
   Stlth:     It makes you more stealthy.
 y - a +1 pair of boots (worn)
Jewellery
 d - a ring of positive energy (left hand)
 s - a ring of fire
 G - a +6 ring of strength
 H - a ring of see invisible (right hand)
Wands
 m - a wand of digging (5)
 r - a wand of flame (18)
 v - a wand of iceblast (15)
 z - a wand of charming (9)
 E - a wand of polymorph (10)
 J - a wand of paralysis (3)
Scrolls
 n - 2 scrolls of magic mapping
 A - a scroll of blinking
 C - a scroll of fog
 M - a scroll of brand weapon {unknown}
Potions
 e - 3 potions of brilliance
 h - 4 potions of heal wounds
 j - a potion of magic
 o - a potion of ambrosia
 q - 4 potions of might
 w - 3 potions of haste
 x - 2 potions of curing
 B - 2 potions of berserk rage
 F - a potion of invisibility


   Skills:
 + Level 4.0 Fighting
 + Level 4.0 Armour
 + Level 4.0 Dodging
 - Level 6.0 Stealth
 - Level 6.0 Spellcasting
 + Level 9.7 Conjurations
 + Level 8.1 Hexes
 - Level 6.0 Translocations
 + Level 5.9 Evocations


You had 6 spell levels left.
You knew the following spells:

 Your Spells              Type           Power      Damage    Failure   Level
a - Magic Dart            Conj           100%       1d8       1%          1
b - Searing Ray           Conj           100%       2d8       1%          2
c - Iskenderun's Mystic   Conj/Tloc      56%        2d12      2%          4
d - Fulminant Prism       Conj/Hex       30%        3d16      1%          4
e - Iskenderun's Battles  Conj           64%        2d11      3%          5

Your spell library contained the following spells:

 Spells                   Type           Power      Damage    Failure   Level
 Confusing Touch          Hex            57%        N/A       1%          3
 Dazzling Flash           Conj/Hex       100%       N/A       1%          3
 Tukima's Dance           Hex            57%        N/A       1%          3
 Conjure Flame            Conj/Fire      40%        6-21      2%          3
 Summon Guardian Golem    Hex/Summ       35%        N/A       3%          3
 Passage of Golubria      Tloc           48%        N/A       5%          4
 Animate Skeleton         Necr           18%        N/A       6%          1
 Beastly Appendage        Tmut           18%        N/A       6%          1
 Pain                     Necr           36%        1d5       6%          1
 Sting                    Tmut/Pois      36%        1d4       6%          1
 Sticky Flame             Conj/Fire      40%        2d6       9%          4
 Corpse Rot               Necr/Air       18%        N/A       10%         2
 Poisonous Vapours        Pois/Air       18%        N/A       10%         2
 Wereblood                Tmut           9%         N/A       10%         2
 Ignite Poison            Fire/Tmut/Pois 9%         N/A       19%         3
 Ozocubu's Armour         Ice            9%         N/A       19%         3
 Spider Form              Tmut/Pois      9%         N/A       19%         3
 Vampiric Draining        Necr           9%         2d6       19%         3
 Yara's Violent Unravell  Hex/Tmut       17%        3d8       34%         5
 Dispel Undead            Necr           9%         3d8       54%         4
 Olgreb's Toxic Radiance  Pois           9%         N/A       54%         4
 Iron Shot                Conj/Erth      20%        9d5       80%         6
 Alistair's Intoxication  Tmut/Pois      6%         N/A       87%         5
 Borgnjor's Vile Clutch   Necr/Erth      4%         N/A       87%         5
 Death Channel            Necr           4%         N/A       100%        6
 Eringya's Noxious Bog    Tmut/Pois      4%         N/A       100%        6
 Orb of Destruction       Conj           32%        9d10      69%         7
 Enfeeble                 Hex            28%        N/A       89%         7
 Ozocubu's Refrigeration  Ice            4%         4d5       100%        7
 Spellforged Servitor     Conj/Summ      20%        N/A       100%        7


Dungeon Overview and Level Annotations

Branches:
Dungeon (9/15)             Temple (0/1) D:7            Lair (3/6) D:9
Ossuary (visited)
  Swamp: Lair:2-4    Shoals: Lair:2-4     Snake: Lair:2-4    Spider: Lair:2-4
    Orc: D:9-12


Innate Abilities, Weirdness & Mutations

You have an increased reservoir of magic. (+10% MP)
You shall have no god before yourself.
Your divine heritage dramatically boosts your attributes as you level up.


Message History

The five-headed hydra bites you!
* * * LOW HITPOINT WARNING * * *
The five-headed hydra bites you but does no damage.
The five-headed hydra barely misses you.
The five-headed hydra bites you!
* * * LOW HITPOINT WARNING * * *
The five-headed hydra misses you.
Unknown command.
Unknown command.
Blink to where?
Press: ? - help, Dir - move target
As you read the scroll of blinking, it crumbles to dust.
Found a book of Necromancy.
The sentinel's mark upon you fades away.
You see here a book of Necromancy.
You pick up a book of Necromancy and begin reading...
You add the spells Pain, Animate Skeleton and Vampiric Draining to your library.
Okay, then.
Casting: Iskenderun's Mystic Blast (dangerous; 2% risk of failure)
Confirm with . or Enter, or press ? or * to list all spells.
Aiming: Fulminant Prism (dangerous; 1% risk of failure)
Press: ? - help, Dir - move target You conjure a prism of explosive energy!
A fulminant prism comes into view.
Your fulminant prism crackles loudly.
Your fulminant prism explodes!
The blast of energy engulfs the five-headed hydra!!
The five-headed hydra is moderately wounded.
You hear an angry hiss.
As you read the scroll of teleportation, it crumbles to dust.
You feel strangely unstable.
Your surroundings suddenly seem different.
Splash!
You fall into the shallow water.
Moving in this stuff is going to be slow. 4 electric eels come into view.
Found 9 stones.
The electric eel shoots out a bolt of lightning at you!
The bolt of electricity hits you!
You die...

. ... P≈♣♣♣ ##.
#..♣P≈≈≈♣
.(≈##.≈≈≈P≈≈♣♣♣
..#≈≈≈≈P≈≈≈≈≈P♣
...#PS≈≈≈≈≈≈≈≈≈
..≈≈≈PP≈S≈≈P≈≈P
.+.≈≈P≈≈≈S≈≈≈≈≈
#....≈≈@≈≈≈≈≈≈P
#..............
...♣.≈S≈≈≈≈≈≈≈≈
. ♣P.P≈≈P≈≈≈P≈≈
♣≈.≈≈≈≈♣♣♣≈≈≈
♣≈≈.≈≈≈♣♣ ♣≈
♣P≈.≈≈P♣
♣≈≈.≈≈≈♣


You could see 4 electric eels.

Vanquished Creatures
  3 hydras
  A boulder beetle (Lair:2)
  Erolcha (D:9)
  Erica (D:9)
  A two-headed ogre (D:9)
  Pikel (D:7)
  3 cane toads (Lair:1)
  A rime drake (Lair:3)
  5 komodo dragons
  A polar bear (Lair:2)
  A hornet (D:8)
  3 blink frogs (Lair:3)
  Sigmund (D:6)
  A wraith (D:9)
  3 basilisks
  4 wyverns
  10 yaks
  Eustachio (D:6)
  2 steam dragons
  Menkaure (D:6)
  2 wargs (D:9)
  6 water moccasins
  5 black bears
  2 orc warriors (D:9)
  A sky beast (D:7)
  2 ogres (D:6)
  7 wolves (Lair:2)
  2 centaurs
  A lemure (D:7)
  2 phantoms
  3 kobold brigands
  Blork the orc (D:6)
  6 bullfrogs
  A wyvern zombie (D:6)
  2 water moccasin zombies (D:6)
  6 killer bees (D:9)
  7 wights
  3 centaur zombies
  3 bullfrog zombies (D:6)
  3 hounds
  2 orc priests (D:9)
  2 iguanas (D:5)
  Ijyb (D:3)
  Jessica (D:2)
  6 orc wizards
  11 hell rats
  A mummy (Ossuary)
  5 howler monkey zombies
  4 gnolls (D:4)
  5 adders
  A white imp (D:7)
  An adder skeleton (D:4)
  2 worms
  4 dart slugs
  16 orcs
  5 spectral bats (Ossuary)
  4 ball pythons
  7 endoplasms
  4 giant cockroaches
  12 gnoll zombies (Ossuary)
  7 goblins
  7 hobgoblins
  3 jackals (D:2)
  13 kobolds
  A quokka (D:1)
  5 bats
  2 bat simulacra (Ossuary)
  5 frilled lizards
  A goblin simulacrum (Ossuary)
  4 goblin zombies (Ossuary)
  5 hobgoblin zombies (Ossuary)
  2 kobold simulacra (Ossuary)
  2 kobold zombies (Ossuary)
  7 orc zombies (Ossuary)
  3 rats
  A rat simulacrum (Ossuary)
  A spectral goblin (Ossuary)
  4 spectral kobolds (Ossuary)
  4 spectral rats (Ossuary)
281 creatures vanquished.

Vanquished Creatures (others)
  A wight (D:7)
  91 fulminant prisms
  25 fungi
  30 plants
  3 withered plants (D:6)
150 creatures vanquished.

Grand Total: 431 creatures vanquished

Notes
Turn   | Place    | Note
-------+----------+-------------------------------------------
     0 | D:1      | pkoi the Demigod Conjurer began the quest for the Orb.
     0 | D:1      | Reached XP level 1. HP: 14/14 MP: 5/5
   138 | D:1      | Reached skill level 4 in Conjurations
   308 | D:1      | Reached XP level 2. HP: 20/20 MP: 5/7
   988 | D:2      | Noticed Jessica
   992 | D:2      | Killed Jessica
   993 | D:2      | Reached XP level 3. HP: 26/26 MP: 3/8
  1067 | D:2      | Learned a level 2 spell: Searing Ray
  2070 | D:2      | Reached XP level 4. HP: 33/33 MP: 7/10
  2329 | D:3      | Reached skill level 5 in Conjurations
  2682 | D:3      | Noticed Ijyb
  2697 | D:3      | Killed Ijyb
  2915 | D:4      | Learned a level 4 spell: Iskenderun's Mystic Blast
  2918 | D:4      | Noticed a kobold brigand
  2932 | D:3      | Killed a kobold brigand
  2933 | D:3      | Reached skill level 1 in Translocations
  2933 | D:3      | Reached XP level 5. HP: 25/38 MP: 1/12
  4868 | D:5      | Entered Level 5 of the Dungeon
  4874 | D:5      | Reached XP level 6. HP: 45/45 MP: 6/14
  4879 | D:5      | Learned a level 4 spell: Fulminant Prism
  4956 | D:5      | Found a sand-covered staircase.
  4961 | Ossuary  | Entered an ossuary
  6519 | D:5      | Reached skill level 1 in Hexes
  6834 | D:5      | Reached skill level 6 in Conjurations
  7211 | D:5      | Reached XP level 7. HP: 42/50 MP: 5/16
  8200 | D:6      | Noticed Blork the orc
  8215 | D:6      | Killed Blork the orc
  8390 | D:6      | Noticed Menkaure
  8395 | D:6      | Noticed Eustachio
  8422 | D:6      | Killed Menkaure
  8422 | D:6      | Killed Eustachio
  8423 | D:6      | Reached XP level 8. HP: 56/57 MP: 7/17
  9027 | D:6      | Noticed Sigmund
  9033 | D:6      | Killed Sigmund
  9034 | D:6      | Reached skill level 1 in Fighting
  9034 | D:6      | Reached skill level 1 in Armour
  9034 | D:6      | Reached skill level 7 in Conjurations
  9544 | D:7      | Found a staircase to the Ecumenical Temple.
  9550 | D:7      | Noticed Pikel
  9557 | D:7      | Killed Pikel
  9558 | D:7      | Reached skill level 5 in Translocations
  9622 | D:7      | Reached XP level 9. HP: 58/67 MP: 3/18
 11110 | D:8      | Reached skill level 5 in Hexes
 11481 | D:8      | Reached skill level 1 in Evocations
 12721 | D:9      | Noticed Erolcha
 12721 | D:9      | Noticed a two-headed ogre
 12733 | D:9      | Killed a two-headed ogre
 12734 | D:9      | Reached skill level 8 in Conjurations
 12734 | D:9      | Reached XP level 10. HP: 77/77 MP: 0/20
 13429 | D:9      | Killed Erolcha
 13483 | D:9      | Learned a level 5 spell: Iskenderun's Battlesphere
 13625 | D:9      | Noticed Erica
 13631 | D:9      | Killed Erica
 13632 | D:9      | Reached skill level 5 in Spellcasting
 14888 | D:9      | Found a staircase to the Lair.
 15631 | Lair:1   | Entered Level 1 of the Lair of Beasts
 15666 | Lair:1   | Reached skill level 5 in Stealth
 16380 | Lair:1   | Reached XP level 11. HP: 62/82 MP: 11/23
 16739 | Lair:1   | Noticed a six-headed hydra
 16762 | Lair:1   | Reached skill level 9 in Conjurations
 16765 | Lair:1   | Killed a six-headed hydra
 17534 | Lair:1   | Reached skill level 5 in Evocations
 17882 | Lair:1   | Identified the +1 leather armour "Heazov" {rPois Dex+4
                  | Stlth+}
 18424 | Lair:2   | Noticed a boulder beetle
 18437 | Lair:2   | Killed a boulder beetle
 20715 | Lair:3   | Noticed a seven-headed hydra
 20725 | Lair:3   | Killed a seven-headed hydra
 20929 | Lair:3   | Noticed a four-headed hydra
 20939 | Lair:3   | Killed a four-headed hydra
 21229 | Lair:3   | You fall into a shaft and drop 2 floors!
 21229 | Lair:5   | Noticed a death yak
 21229 | Lair:5   | Noticed a death yak
 21240 | Lair:5   | Noticed a five-headed hydra
 21250 | Lair:5   | HP: 3/84 [five-headed hydra (11)]
 21280 | Lair:5   | Killed from afar by an electric eel

Illustrated notes

Levels and vault maps discovered:
D:1:      dpeg_arrival_simpleton_a, layout_loops_cross
D:2:      layout_loops_ring, shapermc_ecumenical_altar_mp_ritualfount,
          uniq_jessica
D:3:      layout_rooms, uniq_ijyb
D:4:      layout_basic
D:5:      layout_cave_pods, enter_ossuary_2
D:6:      layout_basic, serial_undead, serial_undead_a, serial_undead_e,
          serial_undead_a, serial_undead_c, uniq_menkaure, uniq_sigmund,
          uniq_blork_the_orc, uniq_eustachio
D:7:      nicolae_cairo_tiling, layout_basic, uniq_pikel
D:8:      layout_rooms
D:9:      layout_basic, erik_lair_orcish_takeover, minmay_misc_feat_x,
          uniq_erica, uniq_erolcha
Lair:1:   layout_cave_pods, minivault_24, beast_lair_carwin_10
Lair:2:   layout_cave_pods
Lair:3:   layout_long_grid, elwin_shoals_entry_rocks
Lair:5:   layout_regular_city, dpeg_slime_entry_enclosed_altar, serial_bayou,
          serial_bayou_lagoon_b, serial_bayou_pond_c, serial_bayou_pond_c,
          serial_bayou_pond_d, grunt_forest_stairs_basic

Skill      XL: |  1  2  3  4  5  6  7  8  9 10 11 |
---------------+----------------------------------+-----
Conjurations   | 4 5 6 7 8 9 |  9.7
Spellcasting   | 2 3 4 5 6 |  6.0
Translocations | 1 3 4 5 6 |  6.0
Hexes          | 2 3 4 5 7 8 |  8.1
Dodging        | 3 4 |  4.0
Fighting       | 2 3 4 |  4.0
Armour         | 2 3 4 |  4.0
Stealth        | 3 5 6 |  6.0
Evocations     | 2 4 5 |  5.9

Action                   |  1- 3 |  4- 6 |  7- 9 | 10-12 || total
-------------------------+-------+-------+-------+-------++-------
Melee: Short sword       |       |    26 |    40 |    10 ||    76
       Punch             |       |     1 |     1 |     1 ||     3
       Dagger            |       |       |       |    11 ||    11
 Cast: Magic Dart        |    85 |   152 |   119 |   105 ||   461
       Searing Ray       |     1 |    22 |    14 |     1 ||    38
       Fulminant Prism   |       |       |    31 |    60 ||    91
       Iskenderun's Myst |       |       |     5 |    36 ||    41
       Iskenderun's Batt |       |       |       |    24 ||    24
Evoke: Wand              |       |       |       |     4 ||     4
  Use: Scroll            |       |     7 |    11 |     6 ||    24
       Potion            |       |       |     2 |     1 ||     3
 Stab: Sleeping          |       |     2 |       |       ||     2
Armor: Robe              |     2 |    21 |    43 |    21 ||    87
       Leather armour    |       |       |       |    23 ||    23
Dodge: Dodged            |     5 |    47 |    76 |    77 ||   205
